[Event "Team 45 45 League T24"]
[Site "Internet Chess Club"]
[Date "2004.10.02"]
[Round "4"]
[White "locchessmonster"]
[Black "Unbeliever"]
[Result "1/2-1/2"]
[WhiteElo "1939"]
[BlackElo "1968"]
[TimeControl "2700+45"]

1. c4 d6 2. Nc3 e5 3. g3 f5 4. Bg2 c6 5. b3 Nf6 6. Bb2 Be7 7. e3 O-O 8. Nge2 Qe8
9. O-O Qg6 10. d4 e4 11. Nf4 Qf7 12. d5 c5 13. a3 g5 14. Nfe2 Ng4 15. h3 Ne5 16.
Qc2 Qh5 17. Nd1 Nf3+ 18. Kh1 Nd7 19. Ng1 Nde5 20. Qe2 f4 21. Bxe5 Bxh3 22. Nxh3
dxe5 23. exf4 g4 24. Qxe4 Nd2 25. Qxe5 Qxe5 26. fxe5 gxh3 27. Bxh3 Nxf1 28. Bxf1
Rf3 29. Rb1 Re8 30. Bh3 b6 31. Kg2 Rd3 32. Ne3 Bg5 33. Be6+ Rxe6 34. dxe6 Bxe3
35. fxe3 Rxe3 36. Rd1 Rxe5 37. Rd8+ Kg7 38. Rd7+ Kg6 39. e7 a5 40. Rd6+ Kf7 41.
Rxb6 Rxe7 42. Rb5 Re3 43. Rxc5 Rxb3 44. Rxa5 Rc3 45. c5 Kg6 46. Ra6+ Kg5 47. c6
h5 48. Kh3 Rc1 49. Rb6 Rc4 50. Rb5+ Kg6 51. a4 Rxc6 52. a5 Rc4 53. Rb8 Ra4 54.
Ra8 Kg7 55. a6 Kh7 56. a7 Kg7 57. Kg2 Kh7 58. Kf3 Kg7 59. Ke3 Kh7 60. Kd3 Kg7
61. Kc3 Kh7 62. Kb3 Ra6 63. Kb4 Ra1 64. Kb5 Rb1+ 65. Kc6 Rc1+ 66. Kd6 Rd1+ 67.
Ke6 Ra1 68. Kf6 Ra6+ 69. Kg5 Ra5+ 70. Kh4 Kg7 71. Rc8 Rxa7 72. Rc5 Ra3 73. Rxh5
Ra4+ 74. g4 Ra1 75. Rb5 Ra6 76. Rg5+ Kh7 77. Rd5 Kg7 78. Kg5 Rg6+ 79. Kf5 Rf6+
80. Ke5 Rf1 81. Rd7+ Kg6 82. Rd8 Kg7 {Game drawn by mutual agreement} 1/2-1/2

[Event "Team 45 45 League T24"]
[Site "Internet Chess Club"]
[Date "2004.10.05"]
[Round "4"]
[White "Zornorph"]
[Black "six-killer"]
[Result "1-0"]
[WhiteElo "1908"]
[BlackElo "1851"]
[TimeControl "2700+45"]

1. c4 Nf6 2. g3 e6 3. Nc3 Bb4 4. Bg2 O-O 5. Nf3 d5 6. cxd5 Bxc3 7. bxc3 exd5 8.
O-O b6 9. c4 Bb7 10. cxd5 Bxd5 11. d4 Qe7 12. e3 Nbd7 13. a4 Rfe8 14. a5 h6 15.
Ba3 Qe6 16. Rc1 Rac8 17. Nd2 Bxg2 18. Kxg2 Qd5+ 19. Kg1 Qxa5 20. Ra1 Qd5 21. Qa4
a5 22. Rfc1 c5 23. Nb3 c4 24. Nd2 c3 25. Nb1 Rc4 26. Qb3 a4 27. Qa2 Qc6 28. Nd2
Rc8 29. Nxc4 Qxc4 30. Qxc4 Rxc4 31. Rab1 Ne4 32. Rb4 Rxb4 33. Bxb4 b5 34. Bxc3
Nb6 35. f3 Nd6 36. Bb4 Ndc4 37. Kf2 Nd5 38. Bc5 Ndxe3 39. Rb1 Nc2 40. Rxb5 a3
41. Rb8+ Kh7 42. Ra8 Nd2 43. d5 Nb1 44. d6 Nc3 45. d7 {Black resigns} 1-0

[Event "Team 45 45 League T24"]
[Site "Internet Chess Club"]
[Date "2004.10.04"]
[Round "4"]
[White "RagingRook"]
[Black "CraigCKlein"]
[Result "0-1"]
[WhiteElo "1741"]
[BlackElo "1815"]
[TimeControl "2700+45"]

1. e4 c5 2. Nc3 Nc6 3. g3 g6 4. Bg2 Bg7 5. d3 e6 6. Be3 b6 7. Qd2 a6 8. Nge2 Rb8
9. O-O Bb7 10. Rae1 Nge7 11. Bh6 Kf8 12. Bxg7+ Kxg7 13. f4 f5 14. d4 cxd4 15.
Nxd4 Na5 16. Rd1 Nc4 17. Qf2 Qc8 18. Nce2 fxe4 19. Nxe6+ dxe6 20. Qd4+ Kf7 21.
b3 Nf5 22. Qd7+ Qxd7 23. Rxd7+ Ke8 24. Rxb7 Rxb7 25. bxc4 Rc7 26. Bxe4 Rxc4 27.
Bd3 Ra4 28. Nc3 Ra3 29. Ne2 b5 30. Nc1 Ke7 31. Re1 Rc8 32. g4 Nd4 33. Kf2 Nxc2
34. Bxc2 Rxc2+ 35. Ne2 Raxa2 36. Kf3 Rxe2 37. Rxe2 Rxe2 38. Kxe2 Kd6 {White
resigns} 0-1

[Event "Team 45 45 League T24"]
[Site "Internet Chess Club"]
[Date "2004.10.02"]
[Round "4"]
[White "dougmo"]
[Black "rayonline53"]
[Result "0-1"]
[WhiteElo "1593"]
[BlackElo "1611"]
[TimeControl "2700+45"]

1. d4 d5 2. c4 e6 3. Nf3 Nf6 4. Bg5 Be7 5. e3 c6 6. Nc3 Nbd7 7. cxd5 Nxd5 8.
Bxe7 Qxe7 9. e4 Nxc3 10. bxc3 O-O 11. Bd3 c5 12. O-O cxd4 13. cxd4 Nf6 14. Qb3
b6 15. Rac1 Bb7 16. Qb1 h6 17. Rfe1 Rac8 18. Nd2 Rxc1 19. Rxc1 Qd7 20. e5 Nd5
21. Ne4 Nf4 22. Nd6 Bxg2 23. Bf1 Bd5 24. Rc3 Qa4 25. Bc4 Bxc4 26. Rxc4 Qa3 27.
Qb3 Qa5 28. Qe3 Nd5 29. Qc1 Qxa2 30. Ne4 Qe2 31. Ng3 Qf3 32. Qf1 Rd8 33. Rc2 Nf4
34. Rd2 Rc8 {White resigns} 0-1

[Event "Team 45 45 League T24"]
[Site "Internet Chess Club"]
[Date "2004.10.01"]
[Round "4"]
[White "hoyd"]
[Black "pork"]
[Result "0-1"]
[WhiteElo "1606"]
[BlackElo "1712"]
[TimeControl "2700+45"]

1. c4 e5 2. Nc3 Nf6 3. d3 Be7 4. g3 Nc6 5. Bg2 d6 6. Bg5 Be6 7. a3 a5 8. Rb1 Rb8
9. e3 h6 10. Bxf6 Bxf6 11. Nge2 O-O 12. b4 axb4 13. axb4 Ne7 14. b5 d5 15. c5 d4
16. Na4 dxe3 17. fxe3 Nd5 18. Bxd5 Qxd5 19. e4 Qd7 20. Nec3 Rfd8 21. Nb2 Bg4 22.
Qb3 c6 23. b6 Qd4 24. Ncd1 Qxc5 25. Na4 Qd4 26. Qc4 Qxd3 27. Qxd3 Rxd3 28. Nac3
Bxd1 29. Nxd1 Rbd8 30. Ke2 Rd2+ 31. Kf3 R8d3+ 32. Ne3 Bg5 33. Rbe1 Bxe3 34. Rxe3
Rxe3+ 35. Kxe3 Rb2 36. Kd3 Rxb6 37. Kc4 Rb5 38. Re1 Kf8 39. Re2 Ke7 40. Rd2 f6
41. g4 Ra5 42. Kb4 Ra1 43. Kc3 Rc1+ 44. Kb4 Re1 45. Kc5 Rxe4 46. Kb6 Rb4+ 47.
Kc7 Rd4 48. Rg2 Rd7+ 49. Kb6 g6 50. h4 Ke6 51. Rf2 f5 52. h5 fxg4 53. hxg6 Rg7
54. Rg2 Kf5 55. Kc5 Rxg6 56. Kb6 Rg7 57. Rf2+ Ke4 58. Rh2 g3 59. Rxh6 g2 60.
Rh4+ Kd5 61. Ka5 g1=Q 62. Rd4+ exd4 63. Kb4 Qb1+ 64. Ka4 b6 65. Ka3 Ra7# {White
checkmated} 0-1

[Event "Team 45 45 League T24"]
[Site "Internet Chess Club"]
[Date "2004.10.03"]
[Round "4"]
[White "nminwalla"]
[Black "Gardener"]
[Result "1-0"]
[WhiteElo "1686"]
[BlackElo "1536"]
[TimeControl "2700+45"]

1. e4 e6 2. d4 d5 3. Nd2 b6 4. Ngf3 dxe4 5. Nxe4 Bb7 6. Bb5+ Bc6 7. Bxc6+ Nxc6
8. O-O Nf6 9. Nxf6+ gxf6 10. c4 Qd7 11. Be3 O-O-O 12. Qa4 Na5 13. Qc2 Qc6 14.
Rfc1 Rg8 15. d5 exd5 16. Qxh7 Bc5 17. Bxc5 bxc5 18. cxd5 Qxd5 19. Qh3+ Kb8 20.
Ne1 Rh8 21. Qf3 Qe5 22. h3 Rhg8 23. Qa3 Nb7 24. Rc3 Qe2 25. Re3 Qc4 26. Qb3 Qxb3
27. Rxb3 Rge8 28. Kf1 Rd2 29. Nf3 Rc2 30. Re1 Rxe1+ 31. Nxe1 Rc1 32. Ke2 c4 33.
Rb4 a5 34. Rb5 c6 35. Rf5 c3 36. bxc3 Rxc3 37. Rxf6 Nd8 38. Rf3 Rc1 39. Ra3 Nb7
40. h4 Rc5 41. g4 f6 42. h5 Rg5 43. Rg3 Nd6 44. f3 f5 45. h6 fxg4 46. fxg4 Nf7
47. Nf3 Rg6 48. g5 Kc7 49. Kf2 c5 50. Rg1 Kb6 51. h7 c4 52. Ne5 Rg7 53. g6 Nh8
54. Nxc4+ Kb5 55. Ne5 Ka4 56. Rg3 Kb4 57. Ke3 Kc3 58. Ke4+ Kb2 59. Rg2+ Ka3 60.
Kf5 Nxg6 61. h8=Q Nxh8 62. Rxg7 Kxa2 63. Ra7 {Black resigns} 1-0

[Event "Team 45 45 League T24"]
[Site "Internet Chess Club"]
[Date "2004.10.05"]
[Round "4"]
[White "NESKAYA"]
[Black "vvsi"]
[Result "0-1"]
[WhiteElo "1670"]
[BlackElo "1580"]
[TimeControl "2700+45"]

1. e4 e5 2. Nf3 Nf6 3. Nxe5 d6 4. Nf3 Nxe4 5. Qe2 Qe7 6. h3 Bf5 7. d3 Nf6 8.
Qxe7+ Bxe7 9. Be2 Nc6 10. c3 d5 11. d4 O-O-O 12. Bg5 h6 13. Bxf6 Bxf6 14. Nbd2
Rhe8 15. O-O-O Rxe2 16. g4 Be4 17. Rhf1 Bxf3 18. Nxf3 Bg5+ 19. Kb1 Rde8 20. Ne1
Rd2 21. Rxd2 Bxd2 22. Nd3 Bg5 23. f4 Bh4 24. Rf3 Re2 25. f5 Bg5 26. a3 Re3 27.
Rxe3 Bxe3 28. Kc2 Kd7 29. Nc5+ Kc8 30. b4 b6 31. Nd3 Kd7 32. a4 Ke7 33. b5 Na5
34. Ne5 Bf4 35. Nd3 Bd6 36. Nb2 Nc4 37. Kb3 Nxb2 38. Kxb2 Kf6 39. Kb3 Kg5 40. c4
dxc4+ 41. Kxc4 Kh4 42. d5 Kxh3 43. Kd4 Kxg4 44. Ke4 h5 {White resigns} 0-1

[Event "Team 45 45 League T24"]
[Site "Internet Chess Club"]
[Date "2004.10.02"]
[Round "4"]
[White "tourettes"]
[Black "Frobert"]
[Result "1-0"]
[WhiteElo "1838"]
[BlackElo "1622"]
[TimeControl "2700+45"]

1. e4 e6 2. d3 d5 3. Nd2 dxe4 4. Nxe4 Nf6 5. Qe2 Nxe4 6. Qxe4 Nc6 7. Be3 f5 8.
Qa4 Qd6 9. a3 Bd7 10. Qb3 O-O-O 11. Nf3 h6 12. Qc3 f4 13. Bd2 e5 14. b4 Nd4 15.
Nxd4 exd4 16. Qb2 Re8+ 17. Kd1 Qe5 18. c3 Ba4+ 19. Kc1 dxc3 20. Qxc3 Bd6 21.
Qxe5 Bxe5 22. Rb1 Bd4 23. f3 Re6 24. b5 a5 25. Bxa5 Bf2 26. Bd2 Rhe8 27. Rb4
Re1+ 28. Kb2 Bd4+ 29. Rxd4 Rd1 30. Rxa4 Rxd2+ 31. Kc3 Rd1 32. Ra8+ {Black
resigns} 1-0

[Event "Team 45 45 League T24"]
[Site "Internet Chess Club"]
[Date "2004.09.30"]
[Round "4"]
[White "forquesato"]
[Black "Bloomington"]
[Result "0-1"]
[WhiteElo "1745"]
[BlackElo "1883"]
[TimeControl "2700+45"]

1. c4 e6 2. d4 d5 3. Nc3 c6 4. Nf3 Nf6 5. Bg5 h6 6. Bh4 dxc4 7. e3 b5 8. a4 Bb4
9. axb5 cxb5 10. Be2 Bb7 11. O-O a6 12. Qc2 Nbd7 13. Ne5 Qc7 14. Bxf6 Nxf6 15.
Bf3 Bxf3 16. Nxf3 O-O 17. Rfc1 Bxc3 18. Qxc3 Nd5 19. Qa3 a5 20. b3 c3 21. b4
axb4 22. Qxa8 Rxa8 23. Rxa8+ Kh7 24. Ne1 b3 25. Ra3 b2 26. Rb1 c2 {White
resigns} 0-1

[Event "Team 45 45 League T24"]
[Site "Internet Chess Club"]
[Date "2004.10.05"]
[Round "4"]
[White "Guesswho"]
[Black "Lizaveta"]
[Result "1-0"]
[WhiteElo "1582"]
[BlackElo "1274"]
[TimeControl "2700+45"]

1. e4 e5 2. Nf3 Nc6 3. d4 exd4 4. Nxd4 Nf6 5. Nc3 Bb4 6. Nxc6 bxc6 7. Bd3 d5 8.
O-O O-O 9. Bg5 Be7 10. exd5 cxd5 11. Bxf6 Bxf6 12. Qh5 g6 13. Qxd5 Qxd5 14. Nxd5
Bxb2 15. Rab1 Be5 16. Rfe1 Bd6 17. Nf6+ Kh8 18. Be4 Bf5 19. Bxa8 Rxa8 20. Re8+
Rxe8 21. Nxe8 Bxc2 22. Rc1 Bf5 23. Nxd6 cxd6 24. Rc7 a6 25. Rxf7 Bb1 26. a3 d5
27. Rf6 Bd3 28. Rd6 Bc4 29. a4 Kg7 30. a5 h5 31. h4 Kf7 32. f3 Kg7 33. Kf2 Kf7
34. Ke3 Kg7 35. Kd4 Kf7 36. Ke5 Bf1 37. g3 Be2 38. f4 Bc4 39. Rxd5 Bxd5 40. Kxd5
Ke7 41. Kc6 Kd8 42. Kb7 Kd7 43. Kxa6 Kc7 44. Kb5 Kb7 45. a6+ Ka8 46. Kb6 Kb8 47.
a7+ Ka8 48. Kc6 Kxa7 49. Kd6 Kb7 50. Ke6 Kc7 51. Kf6 Kd7 52. Kxg6 Ke7 53. Kxh5
Kf7 54. Kh6 Kg8 55. g4 Kh8 56. f5 Kg8 57. Kg6 {Black resigns} 1-0

[Event "Team 45 45 League T24"]
[Site "Internet Chess Club"]
[Date "2004.10.04"]
[Round "4"]
[White "gringo"]
[Black "f5"]
[Result "1/2-1/2"]
[WhiteElo "2218"]
[BlackElo "2263"]
[TimeControl "2700+45"]

1. e4 e5 2. Nf3 Nc6 3. Bc4 Bc5 4. c3 Nf6 5. d3 d6 6. b4 Bb6 7. Bg5 h6 8. Bh4 Ne7
9. Bxf6 gxf6 10. Qb3 Rh7 11. Nbd2 c6 12. d4 Ng6 13. a4 a6 14. h3 Nf4 15. O-O-O
Qe7 16. Nf1 Be6 17. Ne3 O-O-O 18. g3 exd4 19. cxd4 Ng6 20. d5 cxd5 21. Bxd5 Rd7
22. Kb1 Kb8 23. Nc4 Bxd5 24. Rxd5 Qxe4+ 25. Qd3 Qxd3+ 26. Rxd3 Bxf2 27. Rxd6
Rxd6 28. Nxd6 Bxg3 29. Nxf7 Rxf7 30. Rg1 Ne5 31. Rxg3 Nxf3 32. Rxf3 Kc7 33. Kc2
Kd6 34. Kd3 Ke5 35. Kc4 Rc7+ 36. Kd3 f5 37. Re3+ Kd5 38. Re8 Rf7 39. Rd8+ Ke5
40. Ke2 Ke4 41. Rd6 h5 42. Rh6 Rc7 43. Kd2 f4 44. Rxh5 Rc4 45. b5 Rxa4 46. bxa6
bxa6 47. Rh8 Ra2+ 48. Ke1 Kf3 49. h4 Ra1+ 50. Kd2 Rh1 51. h5 a5 52. h6 Kf2 53.
h7 f3 54. Kc2 {Game drawn by mutual agreement} 1/2-1/2

[Event "Team 45 45 League T24"]
[Site "Internet Chess Club"]
[Date "2004.10.02"]
[Round "4"]
[White "akdog3"]
[Black "Satan"]
[Result "1-0"]
[WhiteElo "2172"]
[BlackElo "2174"]
[TimeControl "2700+45"]

1. d4 Nf6 2. Nf3 c5 3. e3 e6 4. Bd3 Nc6 5. O-O d5 6. b3 cxd4 7. exd4 Bd6 8. Bb2
O-O 9. a3 Qc7 10. Qe2 b6 11. Nbd2 Bb7 12. Ne5 Nd7 13. f4 Rae8 14. Rf3 f5 15. Rc1
Nf6 16. c4 a5 17. Rff1 Ne4 18. cxd5 exd5 19. Bb5 Bxe5 20. fxe5 Re6 21. Nc4 Kh8
22. Ne3 Qd7 23. Nxf5 Rc8 24. Ne3 g6 25. Rf4 Ree8 26. Rcf1 Qe6 27. Rxe4 dxe4 28.
d5 Qe7 29. e6+ Kg8 30. Rf7 {Black resigns} 1-0

[Event "Team 45 45 League T24"]
[Site "Internet Chess Club"]
[Date "2004.10.01"]
[Round "4"]
[White "searchforbobby1"]
[Black "Falhari"]
[Result "1-0"]
[WhiteElo "2145"]
[BlackElo "2010"]
[TimeControl "2700+45"]

1. e4 e6 2. d4 d5 3. Nc3 dxe4 4. Nxe4 Nd7 5. Nf3 Ngf6 6. Bg5 h6 7. Nxf6+ Nxf6 8.
Bh4 Be7 9. Bd3 O-O 10. Qe2 c5 11. O-O-O cxd4 12. Nxd4 Bd7 13. Kb1 Rc8 14. g4 Nd5
15. Qe4 g6 16. Bxe7 Qxe7 17. c3 b5 18. Rhe1 b4 19. Qxd5 bxc3 20. Qa5 cxb2 21.
Nb3 Bc6 22. Kxb2 Bd5 23. Qxd5 {Black resigns} 1-0

[Event "Team 45 45 League T24"]
[Site "Internet Chess Club"]
[Date "2004.09.29"]
[Round "4"]
[White "Rossinantes"]
[Black "johanh"]
[Result "1-0"]
[WhiteElo "2397"]
[BlackElo "2124"]
[TimeControl "2700+45"]

1. d4 d5 2. c4 Nc6 3. Nf3 Bg4 4. Nc3 e6 5. e3 Nf6 6. Bd3 e5 7. cxd5 Nxd5 8. O-O
exd4 9. exd4 Be7 10. Be3 O-O 11. Rc1 Be6 12. Bb1 Nb6 13. Qe2 Bc4 14. Qc2 g6 15.
Rfd1 Nb4 16. Qd2 a5 17. Ne5 Be6 18. Bh6 Re8 19. a3 N4d5 20. Ne4 Nf6 21. Nc5 Bd5
22. Qf4 Nh5 23. Qd2 Nf6 24. Rc3 Bd6 25. Bg5 Be7 26. Re1 Nh5 27. Bh6 Bf8 28. Bxf8
Rxf8 29. Qh6 Qh4 30. Rh3 Qxd4 31. Rxh5 gxh5 32. Qxh7# {Black checkmated} 1-0

[Event "Team 45 45 League T24"]
[Site "Internet Chess Club"]
[Date "2004.09.30"]
[Round "4"]
[White "CLACTON"]
[Black "WesleyCrusher"]
[Result "1/2-1/2"]
[WhiteElo "2137"]
[BlackElo "2151"]
[TimeControl "2700+45"]

1. e4 c5 2. Nf3 d6 3. c4 Nf6 4. Nc3 e5 5. d3 Be7 6. g3 Nc6 7. Bg2 O-O 8. O-O Bg4
9. Be3 Qd7 10. Nd5 Nxd5 11. cxd5 Nd4 12. Bxd4 cxd4 13. Qb3 Bxf3 14. Bxf3 Bg5 15.
h4 Bh6 16. Kg2 Rfc8 17. a4 a6 18. Ra3 g6 19. Qb6 Rab8 20. a5 Rc2 21. Rb3 Bf8 22.
Rb4 Be7 23. Rc4 Bd8 24. Qb3 Rxc4 25. Qxc4 Bxa5 26. Rc1 h5 27. b4 Bb6 28. Bd1 Kg7
29. f3 f5 30. Bb3 Rf8 31. Qc2 Qe7 32. Ba4 f4 33. Qf2 Qf6 34. Bd7 fxg3 35. Qxg3
Kh6 36. Be6 Qe7 37. Rc2 Qf6 38. Bc8 Rf7 39. Be6 Rc7 40. Rxc7 Bxc7 41. Bc8 b6 42.
Bxa6 g5 43. Qxg5+ Qxg5+ 44. hxg5+ Kxg5 45. Kg3 Bd8 46. Bc8 h4+ 47. Kf2 Kf4 48.
b5 Kg5 49. Bh3 Bf6 50. Bg4 Bg7 51. Bh3 Bh6 52. Ke2 Kf6 53. Kf2 Be3+ 54. Kg2 Kg5
55. Bg4 Kf4 56. Bh3 Bd2 57. Kf2 Bc3 58. Bg4 Bb4 59. Bh3 Bd2 60. Bg4 Be3+ {Game
drawn by mutual agreement} 1/2-1/2

[Event "Team 45 45 League T24"]
[Site "Internet Chess Club"]
[Date "2004.10.02"]
[Round "4"]
[White "VentasD"]
[Black "DeLaSalle"]
[Result "1/2-1/2"]
[WhiteElo "2102"]
[BlackElo "2084"]
[TimeControl "2700+45"]

1. Nf3 d5 2. d4 Nc6 3. Bf4 Bf5 4. e3 a6 5. c4 e6 6. a3 Bd6 7. cxd5 exd5 8. Bxd6
Qxd6 9. Bd3 Bxd3 10. Qxd3 Nf6 11. O-O O-O 12. Nc3 Rfe8 13. Rac1 Ne4 14. Ne1 Re6
{Game drawn by mutual agreement} 1/2-1/2

[Event "Team 45 45 League T24"]
[Site "Internet Chess Club"]
[Date "2004.10.04"]
[Round "4"]
[White "baumhauer"]
[Black "Amauta"]
[Result "0-1"]
[WhiteElo "1901"]
[BlackElo "1963"]
[TimeControl "2700+45"]

1. d4 Nf6 2. c4 e6 3. Nc3 Bb4 4. e3 O-O 5. Bd3 d5 6. a3 Bxc3+ 7. bxc3 b6 8. cxd5
exd5 9. Nf3 c5 10. dxc5 bxc5 11. O-O c4 12. Be2 Ne4 13. Qc2 Bg4 14. Nd4 Bxe2 15.
Nxe2 Nc6 16. Rd1 Qh4 17. Nf4 Rad8 18. f3 Nc5 19. Rb1 Ne5 20. Rb5 Ned3 21. g3 Qf6
22. Nxd3 Nxd3 23. Kg2 a6 24. Rb7 Rb8 25. Rxb8 Rxb8 26. a4 Qf5 27. Qe2 Rb3 28. e4
dxe4 29. fxe4 Qd7 30. Bd2 Qxa4 31. Qg4 Qc6 32. Be3 Rxc3 33. Bd4 Rc2+ 34. Kg1 f6
35. Rb1 Rc1+ 36. Rxc1 Nxc1 37. e5 f5 38. Qh4 h6 39. Kf2 Nd3+ 40. Ke3 Qg2 41. g4
f4# {White checkmated} 0-1

[Event "Team 45 45 League T24"]
[Site "Internet Chess Club"]
[Date "2004.10.05"]
[Round "4"]
[White "Nikolay"]
[Black "chesskilleruk"]
[Result "1-0"]
[WhiteElo "2354"]
[BlackElo "2245"]
[TimeControl "2700+45"]

1. e4 c6 2. d4 d6 3. Nc3 Qc7 4. f4 Nd7 5. Nf3 e5 6. Bd3 Ngf6 7. O-O Be7 8. Be3
O-O 9. h3 b5 10. a3 Rb8 11. fxe5 dxe5 12. dxe5 Nxe5 13. Nxe5 Qxe5 14. Bf4 Qc5+
15. Kh1 Rb7 16. e5 Nd5 17. Ne4 Qb6 18. Qh5 g6 19. Qh6 f5 20. exf6 Nxf6 21. Be5
c5 22. Bxb5 Qe6 23. Bxf6 Bxf6 24. Nxf6+ Rxf6 25. Bc4 Qxc4 26. Rxf6 Rf7 27. Rxf7
Qxf7 28. Rd1 Qe7 29. Qd2 Kg7 30. Qc3+ Kh6 31. Re1 Qh4 32. Kh2 Bf5 33. Qg3 Qc4
34. Re7 g5 35. Qd6+ Bg6 36. Rxa7 Qxc2 37. Qf8+ Kh5 38. Qf3+ Kh6 39. b3 Be4 40.
Ra6+ Bg6 41. a4 Qd2 42. a5 Qb4 43. Qf8+ Kh5 44. g4+ {Black resigns} 1-0

[Event "Team 45 45 League T24"]
[Site "Internet Chess Club"]
[Date "2004.10.08"]
[Round "4"]
[White "IAMC"]
[Black "jtayar88"]
[Result "0-1"]
[WhiteElo "2041"]
[BlackElo "2247"]
[TimeControl "2700+45"]

1. e4 c5 2. Nc3 d6 3. g3 Nc6 4. Bg2 g6 5. d3 Bg7 6. Be3 Rb8 7. Qd2 b5 8. Nf3 b4
9. Nd1 Bd7 10. O-O Qc8 11. Nh4 Ne5 12. f3 a5 13. Rb1 a4 14. Nf2 Be6 15. f4 Nc6
16. a3 Nd4 17. c3 bxc3 18. bxc3 Nb5 19. d4 Nxa3 20. Rxb8 Qxb8 21. dxc5 Nc4 22.
Qd3 Nxe3 23. Qxe3 a3 24. e5 a2 25. cxd6 exd6 26. Nd3 Ne7 27. Nb4 dxe5 28. Nc6
Nxc6 29. Bxc6+ Kf8 30. Nf3 exf4 31. Qc5+ Kg8 32. Ng5 Qb1 33. Qa5 h6 34. Qd8+ Bf8
35. Nxe6 Qxf1+ 36. Kxf1 a1=Q+ 37. Kg2 Qa2+ 38. Kg1 Qxe6 {White resigns} 0-1

[Event "Team 45 45 League T24"]
[Site "Internet Chess Club"]
[Date "2004.10.01"]
[Round "4"]
[White "deathmage"]
[Black "Lizaveta"]
[Result "1-0"]
[WhiteElo "1728"]
[BlackElo "1279"]
[TimeControl "2700+45"]

1. e4 e5 2. Nf3 Nc6 3. c4 Bc5 4. Nc3 Nf6 5. h3 d6 6. d3 Bb4 7. Be3 O-O 8. Be2
Ba5 9. Qd2 Bb6 10. g4 Nd4 11. O-O-O c5 12. g5 Nxe2+ 13. Qxe2 Nd7 14. h4 Ba5 15.
Nd5 Nb6 16. Rdg1 Nxd5 17. cxd5 Qb6 18. h5 Qc7 19. g6 hxg6 20. hxg6 fxg6 21. Rxg6
Rf7 22. Ng5 Re7 23. Qh5 {Black resigns} 1-0

[Event "Team 45 45 League T24"]
[Site "Internet Chess Club"]
[Date "2004.10.03"]
[Round "4"]
[White "onslaught"]
[Black "ratty"]
[Result "1-0"]
[WhiteElo "2325"]
[BlackElo "2181"]
[TimeControl "2700+45"]

1. e4 c5 2. Nf3 e6 3. d4 cxd4 4. Nxd4 a6 5. Bd3 Bc5 6. Nb3 Be7 7. O-O d6 8. c4
Nf6 9. Nc3 Qc7 10. Be3 Nbd7 11. f4 b6 12. Qf3 Bb7 13. Qh3 O-O 14. Rad1 Rfe8 15.
Bb1 g6 16. f5 exf5 17. exf5 Qxc4 18. Rf4 Qc7 19. fxg6 fxg6 20. Nd4 Nc5 21. b4
Bc8 22. Qf3 Ne6 23. Rxf6 Qxc3 24. Rxe6 Bxe6 25. Nxe6 Qc4 26. Be4 Rac8 27. Bd5
Qxb4 28. Ng5+ Kh8 29. Nf7+ Kg8 30. Nxd6+ Kh8 31. Nxe8 Rxe8 32. Bd4+ Qxd4+ 33.
Rxd4 {Black resigns} 1-0

[Event "Team 45 45 League T24"]
[Site "Internet Chess Club"]
[Date "2004.10.03"]
[Round "4"]
[White "Baffler"]
[Black "MSStateBulldog"]
[Result "1/2-1/2"]
[WhiteElo "2142"]
[BlackElo "2304"]
[TimeControl "2700+45"]

1. e4 e5 2. Nc3 Nf6 3. Bc4 Nc6 4. d3 Na5 5. Bb3 Nxb3 6. axb3 d5 7. Bg5 Bb4 8.
Ra4 Qd6 9. Bxf6 gxf6 10. exd5 Bd7 11. Ra1 Qxd5 12. Qf3 Qc6 13. Kd2 Rg8 14. g3
O-O-O 15. Rxa7 Kb8 16. Ra1 f5 17. Qe3 Bc5 18. Qxe5 Rge8 19. Qd5 Qxd5 20. Nxd5
Bc6 21. c4 Bxd5 22. cxd5 Rxd5 23. Nh3 Bb4+ 24. Kc2 Re2+ 25. Kb1 Rc5 26. Ra4 Rcc2
27. Rxb4 {Game drawn by mutual agreement} 1/2-1/2

[Event "Team 45 45 League T24"]
[Site "Internet Chess Club"]
[Date "2004.10.02"]
[Round "4"]
[White "imbak"]
[Black "YoChess"]
[Result "1/2-1/2"]
[WhiteElo "2202"]
[BlackElo "2012"]
[TimeControl "2700+45"]

1. c4 e6 2. g3 Nf6 3. Bg2 Be7 4. Nf3 O-O 5. O-O d5 6. cxd5 exd5 7. d4 Bf5 8. Nc3
Re8 9. Qb3 Nc6 10. Qxb7 Qd7 11. Ne5 Nxe5 12. dxe5 Reb8 13. Qa6 Ne4 14. Nxe4 Bxe4
15. Bxe4 dxe4 16. b3 Qd4 17. Be3 Qxe5 18. Bf4 Qb5 19. Qxb5 Rxb5 20. Bxc7 a5 21.
Rab1 h6 22. Rfd1 a4 23. bxa4 Rxb1 24. Rxb1 Rxa4 25. Rb2 Bb4 26. Be5 f6 27. Bd4
Ba3 28. Rb8+ Kh7 29. e3 Kg6 30. g4 Bd6 31. Rb6 Bf8 32. Rb2 Bb4 33. Kg2 h5 34.
gxh5+ Kxh5 35. Rc2 Ra6 36. Rc4 Bd6 37. a4 Kg4 38. h3+ Kf5 39. Bc3 Be5 40. Rc5
Rxa4 41. Bxe5 fxe5 42. Rc6 Ra7 43. Rc8 Rf7 44. Kg3 g5 45. Rc6 Rf8 46. Rh6 Rf7
47. Rb6 Rh7 48. Ra6 Rh8 49. Ra7 Rf8 50. Rc7 Rf6 51. Rc5 Rh6 52. Rc8 Rf6 53. Rh8
Rf7 54. Rh6 Rf8 55. Ra6 Rh8 56. Ra4 Rh7 57. f3 Rh4 58. Rb4 exf3 59. Rxh4 gxh4+
60. Kxf3 e4+ 61. Ke2 Ke5 62. Kd2 {Game drawn by mutual agreement} 1/2-1/2

[Event "Team 45 45 League T24"]
[Site "Internet Chess Club"]
[Date "2004.09.30"]
[Round "4"]
[White "Dbexodus"]
[Black "fledermaus"]
[Result "0-1"]
[WhiteElo "1978"]
[BlackElo "2044"]
[TimeControl "2700+45"]

1. d4 c5 2. d5 Nf6 3. c4 e6 4. Nc3 exd5 5. cxd5 d6 6. e4 g6 7. Nf3 Bg7 8. Bb5+
Bd7 9. Bxd7+ Qxd7 10. O-O O-O 11. Re1 Ng4 12. Bf4 f6 13. h3 Ne5 14. Nxe5 fxe5
15. Be3 Qe7 16. a3 Nd7 17. b4 Rfc8 18. Qb3 a6 19. bxc5 Nxc5 20. Bxc5 Rxc5 21.
Na4 Rb5 22. Qe3 Qf8 23. Rab1 Bh6 24. Qd3 Rxb1 25. Rxb1 b5 26. Nc3 Qf4 27. Ne2
Qd2 28. Qxd2 Bxd2 29. Rb2 Bg5 30. a4 bxa4 31. Ra2 Rb8 32. Rxa4 Rb1+ 33. Kh2 Rb2
34. Nc3 Rxf2 35. Rxa6 Bf4+ 36. Kg1 Be3 37. Nd1 Ra2+ 38. Nxe3 Rxa6 39. Kf2 Ra4
40. Kf3 h5 41. g4 hxg4+ 42. hxg4 Kf7 43. Nd1 Ra3+ 44. Kf2 Kf6 45. Ne3 Rxe3 46.
Kxe3 Kg5 47. Kf3 Kh4 48. g5 Kh3 49. Kf2 Kg4 50. Ke3 Kg3 51. Ke2 Kf4 52. Kd3 Kf3
{White resigns} 0-1

[Event "Team 45 45 League T24"]
[Site "Internet Chess Club"]
[Date "2004.10.03"]
[Round "4"]
[White "Catalog"]
[Black "Quoyle"]
[Result "0-1"]
[WhiteElo "2145"]
[BlackElo "2484"]
[TimeControl "2700+45"]

1. d4 d5 2. c4 e6 3. Nf3 Nf6 4. Bg5 Be7 5. e3 h6 6. Bh4 O-O 7. Bd3 b6 8. Bxf6
Bxf6 9. cxd5 exd5 10. O-O c5 11. dxc5 Bxb2 12. Nbd2 Bxa1 13. Qxa1 bxc5 14. Qc3
Nd7 15. Bb1 Re8 16. Qc2 g6 17. h4 h5 18. Ng5 Qe7 19. e4 Nf6 20. e5 Ng4 21. Re1
Bf5 22. Qc1 Bxb1 23. Qxb1 Rab8 24. Qc2 c4 25. f4 Qc5+ 26. Kh1 Qf2 27. Ngf3 Ne3
{White resigns} 0-1

[Event "Team 45 45 League T24"]
[Site "Internet Chess Club"]
[Date "2004.10.01"]
[Round "4"]
[White "phoenix10q72"]
[Black "EdBorowski"]
[Result "1-0"]
[WhiteElo "2300"]
[BlackElo "2048"]
[TimeControl "2700+45"]

1. e4 c6 2. d4 d5 3. f3 dxe4 4. fxe4 e5 5. Nf3 Bg4 6. Bc4 Bxf3 7. Qxf3 Qh4+ 8.
g3 Qf6 9. Qb3 b5 10. Rf1 bxc4 11. Qb7 Qe7 12. Qxa8 Qc7 13. d5 cxd5 14. Qxd5 Nf6
15. Qb5+ Nbd7 16. Nd2 c3 17. bxc3 Qxc3 18. Bb2 Qe3+ 19. Qe2 Ng4 20. Rf3 Qxe2+
21. Kxe2 Nxh2 22. Rf5 g6 23. Rf2 Ng4 24. Rf3 Bc5 25. Nc4 f6 26. Rd1 h5 27. Rfd3
Rh7 28. Nd6+ {Black resigns} 1-0

[Event "Team 45 45 League T24"]
[Site "Internet Chess Club"]
[Date "2004.10.04"]
[Round "4"]
[White "DTK"]
[Black "jorobo"]
[Result "0-1"]
[WhiteElo "1954"]
[BlackElo "2239"]
[TimeControl "2700+45"]

1. e4 e6 2. d4 d5 3. exd5 exd5 4. Nf3 Bg4 5. h3 Bh5 6. Nc3 Nf6 7. Bf4 Bb4 8.
Qe2+ Ne4 9. O-O-O Bxc3 10. bxc3 O-O 11. Rd3 Nd7 12. g4 Bg6 13. Re3 Qf6 14. Bg3
Rae8 15. Qb5 Nxg3 16. Rxe8 Rxe8 17. Qxd7 Rd8 18. Qxc7 Nxh1 19. Ne5 Nxf2 20. Bg2
Qb6 21. Qe7 Qd6 22. Qxb7 f6 23. Nxg6 hxg6 24. Qxa7 Qf4+ 25. Kb2 Rb8+ 26. Ka3
Qc1+ 27. Ka4 Qxc2+ 28. Ka3 Qb2+ 29. Ka4 Qxa2# {White checkmated} 0-1